 Dungeon Crawl Stone Soup version 0.30-a0-159-g068b764562 (webtiles) character file.

Game seed: 16380100736897736300

478 testman the Trooper (level 7, -2/79 HPs)
             Began as an Ogre Berserker on Sept 27, 2022.
             Was a Believer of Trog.
             Slain by a water moccasin (6 damage)
             ... on level 5 of the Dungeon.
             The game lasted 00:14:11 (3906 turns).

testman the Trooper (Ogre Berserker)                Turns: 3906, Time: 00:14:12

Health: -2/79      AC:  0    Str: 24    XL:     7   Next: 11%
Magic:  7/7        EV: 10    Int:  8    God:    Trog [**....]
Gold:   214        SH:  0    Dex:  8    Spells: 6/6 levels left

rFire   . . .      SeeInvis .    w - +4 flail
rCold   . . .      Faith    .    (no shield)
rNeg    . . .      Spirit   .    b - +0 animal skin
rPois   .          Reflect  .    (helmet restricted)
rElec   .          Harm     .    s - +0 cloak
rCorr   .          Rampage  .    (gloves unavailable)
Will    ++...                    (boots unavailable)
Stlth   +.........               r - amulet of regeneration
HPRegen 2.03/turn                (no ring)
MPRegen 0.10/turn                (no ring)

@: lethally poisoned (-2 -> -7), strong-willed, corroded, on berserk cooldown,
regenerating, slowed, very slow
A: large, unfitting armour, tough skin 1
a: Renounce Religion, Berserk, Trog's Hand


You were on level 5 of the Dungeon.
You worshipped Trog.
Trog was pleased with you.
You visited 1 branch of the dungeon, and saw 5 of its levels.

You collected 214 gold pieces.

Inventory:

Hand Weapons
 w - a +4 flail (weapon)
Missiles
 a - 12 poisoned darts
Armour
 b - a +0 animal skin (worn)
 s - a +0 cloak (worn)
Jewellery
 r - an amulet of regeneration (around neck)
Scrolls
 e - 2 scrolls of enchant weapon {unknown}
 g - 4 scrolls of identify {unknown}
 i - 2 scrolls of enchant armour {unknown}
 k - 3 scrolls of teleportation {unknown}
 l - a scroll of silence {unknown}
 p - a scroll of immolation {unknown}
 q - a scroll of blinking {unknown}
 u - 2 scrolls of vulnerability {unknown}
 v - a scroll of poison {unknown}
 x - a scroll of fear {unknown}
Potions
 c - a potion of cancellation {unknown}
 d - a potion of brilliance {unknown}
 f - 3 potions of heal wounds {unknown}
 h - 3 potions of magic {unknown}
 j - a potion of flight {unknown}
 m - a potion of lignification {unknown}
 n - 2 potions of might {unknown}
 o - 2 potions of curing {unknown}
 t - a potion of ambrosia {unknown}


   Skills:
 + Level 7.8 Fighting
 + Level 5.4 Maces & Flails
 - Level 2.6 Dodging


You had 6 spell levels left.
You didn't know any spells.
Your spell library was empty.

Dungeon Overview and Level Annotations

Branches:
Dungeon (5/15)             Temple (0/1) D:4

Altars:
Elyvilon
Hepliaklqana
Ru
Wu Jian
Zin

Shops:
D:3 :[(   D:4 **


Innate Abilities, Weirdness & Mutations

You are too large for most types of armour.
You have tough skin. (AC +1)


Message History

You see here a hound corpse.
You hit the water moccasin.
The water moccasin is lightly wounded.
The water moccasin bites you but does no damage.
The acid dragon spits acid at you. The splash of acid hits you!
The acid corrodes you! The water moccasin bites you.
The gnoll hits you with a +0 halberd!!
You hear a shout!
You barely miss the water moccasin. Your punch misses the water moccasin.
The water moccasin is lightly wounded.
The water moccasin bites you.
You sock the water moccasin!
The water moccasin is heavily wounded.
You are no longer berserk.
You are exhausted.
You feel yourself slow down. The gnoll misses you.
The water moccasin bites you!
You hit the water moccasin.
The water moccasin is heavily wounded.
The water moccasin bites you.
You are poisoned.
The water moccasin poisons you! The gnoll barely misses you.
The acid dragon closely misses you. The acid dragon claws you.
The water moccasin bites you. The gnoll hits you with a +0 halberd.
A gnoll comes into view. It is wielding a +0 spear.
The acid dragon barely misses you. The acid dragon closely misses you.
Your skin crawls.
You feel strong-willed.
You feel very sick. The water moccasin bites you.
You are more poisoned.
The water moccasin poisons you! The gnoll hits you with a +0 halberd!
* * * LOW HITPOINT WARNING * * *
The acid dragon bites you!
* * * LOW HITPOINT WARNING * * *
The acid dragon claws you.
* * * LOW HITPOINT WARNING * * *
A gnoll bouda comes into view.
It is wielding a +0 club and wearing a +2 robe of cold resistance.
The water moccasin bites you.
You die...

## ## ## ##.####
##.###.. ##.....##
#....... ##.......#####
#.......
#............###......[
##......................
#.......†######.........
#!....D@## ##........
......Sg# ##.......
.......g# #.......
......!.g #.......
....?...# #.......
........# ##.......
........# ##........
#........ #####.........
..............


You could see a water moccasin, an acid dragon, a gnoll bouda and 2 gnolls.

Vanquished Creatures
  A centaur (D:5)
  A phantom (D:5)
  A jelly (D:5)
  3 hounds
  2 iguanas (D:4)
  4 gnolls
  4 adders
  2 ufetubi (D:4)
  2 worms
  A dart slug (D:2)
  2 orcs (D:4)
  6 bats
  4 endoplasms
  5 giant cockroaches
  3 goblins
  2 hobgoblins
  5 jackals
  7 kobolds
  2 quokkas (D:2)
  5 ball pythons
  4 frilled lizards (D:2)
  4 rats
70 creatures vanquished.

Vanquished Creatures (others)
  5 plants (D:5)
5 creatures vanquished.

Grand Total: 75 creatures vanquished

Notes
Turn   | Place    | Note
-------+----------+-------------------------------------------
     0 | D:1      | testman the Ogre Berserker began the quest for the Orb.
     0 | D:1      | Reached XP level 1. HP: 24/24 MP: 1/1
   365 | D:1      | Reached XP level 2. HP: 32/33 MP: 2/2
  1131 | D:2      | Reached XP level 3. HP: 32/41 MP: 3/3
  1255 | D:2      | Reached skill level 5 in Fighting
  1654 | D:2      | Reached XP level 4. HP: 48/50 MP: 4/4
  2387 | D:3      | Found Coim's Antique Armour Boutique.
  2537 | D:3      | Found Dimiops's Antique Weapon Shop.
  2604 | D:3      | Reached ** piety under Trog
  2632 | D:3      | Found Vikeprow's Book Shop.
  2786 | D:3      | Found an ornate altar of the Wu Jian Council.
  3038 | D:4      | Reached XP level 5. HP: 54/59 MP: 5/5
  3052 | D:4      | Reached skill level 6 in Fighting
  3149 | D:4      | Found a staircase to the Ecumenical Temple.
  3186 | D:4      | Found a white marble altar of Elyvilon.
  3208 | D:4      | Found Urhuxt's General Store.
  3218 | D:4      | Found Bimec's Specific Store.
  3287 | D:4      | Found a hazy altar of Hepliaklqana.
  3526 | D:4      | Found a glowing silver altar of Zin.
  3594 | D:4      | Reached XP level 6. HP: 68/68 MP: 6/6
  3611 | D:4      | Found a sacrificial altar of Ru.
  3727 | D:5      | Entered Level 5 of the Dungeon
  3779 | D:5      | Reached skill level 7 in Fighting
  3779 | D:5      | Reached skill level 5 in Maces & Flails
  3847 | D:5      | Reached XP level 7. HP: 54/79 MP: 7/7
  3906 | D:5      | Slain by a water moccasin

Illustrated notes

Levels and vault maps discovered:
D:1:      psy_arrival_terrarium, layout_basic
D:2:      layout_loops_cross, minmay_fractal_squares_gapless_5
D:3:      layout_loops_ring, pdpol_wu_jian_five_deadly_venoms, serial_shops,
          nicolae_shop_hallway_plus, nicolae_shop_hallway_plus,
          nicolae_diamond_shop
D:4:      layout_basic, kennysheep_mini, nicolae_overflow_hidden_temple,
          minmay_temple_entry_arrows, nicolae_specific_store
D:5:      layout_cave_pods, serial_gnoll_camp, gnoll_camp_mini_basic,
          gnoll_camp_mini_hut, gnoll_camp_mini_hut, gnoll_camp_mini_doghouse,
          serial_bayou_lake_a, uniq_ijyb

Skill      XL: |  1  2  3  4  5  6 |
---------------+-------------------+-----
Maces & Flails | 3 4 5 |  5.4
Fighting       | 5 6 7 |  7.8
Dodging        | |  2.6

Action                   |  1- 3 |  4- 6 |  7- 9 || total
-------------------------+-------+-------+-------++-------
Melee: Mace              |    83 |    44 |       ||   127
       Flail             |       |    87 |    10 ||    97
Invok: Berserk           |     1 |     3 |     1 ||     5
       Trog's Hand       |       |       |     1 ||     1
 Stab: Sleeping          |       |     1 |       ||     1
Armor: Animal skin       |    33 |    44 |     4 ||    81
Dodge: Dodged            |    46 |    95 |    12 ||   153

Table legend: (Time is in decaauts)
 A = Elapsed time spent in this place.
 B = Non-inter-level travel time spent in this place.
 C = Inter-level travel time spent in this place.
 D = Time resting spent in this place.
 E = Time spent auto-exploring this place.
 F = Levels seen in this place.
 G = Mean time per level.
                   A        B        C        D        E       F      G
               +--------+--------+--------+--------+--------+-----+--------+
         Total |   3983 |   3830 |    153 |    389 |   2870 |   5 |  796.6 |
       Dungeon |   3983 |   3830 |    153 |    389 |   2870 |   5 |  796.6 |
               +--------+--------+--------+--------+--------+-----+--------+

Top non-repeatable levels by time:
     D:2: 1200 daAuts
     D:3: 978 daAuts
     D:4: 814 daAuts
     D:1: 804 daAuts
     D:5: 186 daAuts
